 Seeded DCSS version 0.29-a0-775-g4d7333d4e2 (webtiles) character file.

Game seed: 5608337019566272163 (custom seed)

52 happo123 the Shooter (level 3, 0/31 HPs)
             Began as a Minotaur Hunter on July 2, 2022.
             Was an Initiate of Okawaru.
             Slain by a gnoll
             ... wielding a +0 whip
              (5 damage)
             ... on level 3 of the Dungeon.
             The game lasted 00:07:13 (1551 turns).

happo123 the Shooter (Minotaur Hunter)              Turns: 1551, Time: 00:07:13

Health: 0/31       AC:  3    Str: 15    XL:     3   Next: 60%
Magic:  2/2        EV: 12    Int:  6    God:    Okawaru [......]
Gold:   110        SH:  0    Dex: 15    Spells: 2/2 levels left

rFire   . . .      SeeInvis .   a - +0 shortbow
rCold   . . .      Faith    .   (shield currently unavailable)
rNeg    . . .      Spirit   .   c - +0 leather armour
rPois   .          Reflect  .   (helmet restricted)
rElec   .          Harm     .   (no cloak)
rCorr   .          Rampage  .   (no gloves)
Will    .....                   (no boots)
Stlth   ++........              d - amulet of regeneration
HPRegen 0.90/turn               (no ring)
MPRegen 0.08/turn               (no ring)

@: no status effects
A: horns 2, retaliatory headbutt
a: Renounce Religion


You were on level 3 of the Dungeon.
You worshipped Okawaru.
Okawaru was noncommittal.
You visited 1 branch of the dungeon, and saw 3 of its levels.

You collected 110 gold pieces.

Inventory:

Hand Weapons
 a - a +0 shortbow (weapon)
Armour
 c - a +0 leather armour (worn)
Jewellery
 d - an amulet of regeneration (around neck)
Scrolls
 b - a scroll of immolation
 e - 2 scrolls of identify
 g - a scroll of fog
 h - a scroll of acquirement
 j - 3 scrolls of fear
 l - a scroll of noise {unknown}
 m - 2 scrolls of enchant armour {unknown}
Potions
 f - 2 potions of ambrosia {unknown}
 i - a potion of heal wounds {unknown}
 k - 2 potions of invisibility


   Skills:
 * Level 3.3 Fighting
 + Level 4.9 Ranged Weapons
 + Level 1.0 Armour
 + Level 2.5 Dodging
 + Level 1.3 Stealth
 * Level 0.0 Invocations


You had 2 spell levels left.
You didn't know any spells.
Your spell library contained the following spells:

 Spells                   Type           Power      Damage    Failure   Level
 Ensorcelled Hibernation  Hex/Ice        0%         N/A       67%         2
 Passwall                 Tmut/Erth      0%         N/A       67%         2
 Swiftness                Air            0%         N/A       88%         3


Dungeon Overview and Level Annotations

Branches:
Dungeon (3/15)

Altars:
Okawaru


Innate Abilities, Weirdness & Mutations

You have a pair of horns on your head.
You reflexively headbutt those who attack you in melee.


Message History

Aim: a gnoll, wielding a +0 whip and quivering 2 throwing nets You shoot an arrow.
The arrow hits the gnoll.
The gnoll is heavily wounded.
A gnoll comes into view. It is wielding a +0 whip.
Fire: a) +0 shortbow
Press: ? - help, Q - select action Shift-Dir - straight line, f - gnoll, p - gnoll
Aim: a gnoll, wielding a +0 whip (wandering, hasn't noticed you)
You shoot an arrow. The arrow barely misses the gnoll.
The gnoll shouts!
Fire: a) +0 shortbow
Press: ? - help, Q - select action Shift-Dir - straight line, f - gnoll, p - gnoll
Aim: a gnoll, wielding a +0 whip and quivering 2 throwing nets (moderately wounded)
You shoot an arrow.
The arrow hits the gnoll but does no damage.
The gnoll is moderately wounded.
The gnoll throws a throwing net.
The throwing net hits you.
You become entangled in the net!
You cannot shoot with your shortbow while held in a net.
You tear a large gash into the net.
A frilled lizard comes into view.
You struggle against the net.
The frilled lizard hisses angrily.
You rip the net and break free!
The gnoll hits you with a +0 whip. The gnoll hits you but does no damage.
The gnoll barely misses you.
The gnoll throws a throwing net.
The throwing net hits you.
You become entangled in the net!
There is a stone staircase leading up here.
You see here a throwing net.
You struggle against the net.
A gnoll comes into view. It is wielding a +0 club.
The gnoll hits you with a +0 whip.
You struggle against the net.
The gnoll hits you with a +0 whip. x2
You struggle against the net.
The gnoll hits you with a +0 whip.
* * * LOW HITPOINT WARNING * * *
The gnoll hits you but does no damage. The frilled lizard bites you.
* * * LOW HITPOINT WARNING * * *
You rip the net and break free!
The gnoll hits you with a +0 whip.
* * * LOW HITPOINT WARNING * * *
The gnoll hits you with a +0 whip.
You die...

.... ... .. #..
.. #.. .. #.. .#
#..## .# # #...#
.# ...
#.#@##.#...#
#.lgg$.....#
#..........#
#..........#
.............#
...#.#.g........
#........##.####
#..##....# ##
..? ...#.)


You could see 3 gnolls and a frilled lizard.

Vanquished Creatures
  An adder (D:2)
  A worm (D:2)
  2 dart slugs (D:1)
  4 ball pythons
  3 bats (D:1)
  2 endoplasms (D:2)
  A giant cockroach (D:2)
  7 goblins
  3 hobgoblins
  2 frilled lizards
  3 kobolds
  5 rats
34 creatures vanquished.

Notes
Turn   | Place    | Note
-------+----------+-------------------------------------------
     0 | D:1      | happo123 the Minotaur Hunter began the quest for the Orb.
     0 | D:1      | Reached XP level 1. HP: 18/18 MP: 0/0
    70 | D:1      | Reached skill level 1 in Stealth
   112 | D:1      | Reached XP level 2. HP: 25/25 MP: 1/1
   444 | D:1      | You fall into a shaft and drop 1 floor!
   534 | D:2      | Found an iron altar of Okawaru.
   542 | D:2      | Became a worshipper of Warmaster Okawaru
   655 | D:1      | Reached XP level 3. HP: 31/31 MP: 2/2
  1163 | D:2      | Reached skill level 1 in Armour
  1523 | D:2      | Identified a scroll of acquirement
  1551 | D:3      | Slain by a gnoll

Illustrated notes

Levels and vault maps discovered:
D:1:      lightli_arrival_quake, layout_loops_corners
D:2:      layout_loops_ring, basic_altar
D:3:      layout_rooms, mainiacjoe_overflow_paths,
          shapermc_ecumenical_altar_acropolis, uniq_ijyb

Skill      XL: |  1  2  3 |
---------------+----------+-----
Stealth        | 1 |  1.3
Fighting       | 3 |  3.3
Armour         | 1 |  1.0
Ranged Weapons | |  4.9
Dodging        | |  2.5

Action                   || total
-------------------------++-------
 Fire: Shortbow          ||    79
  Use: Scroll            ||     4
Armor: Leather armour    ||     8
Dodge: Dodged            ||    19

Table legend: (Time is in decaauts)
 A = Elapsed time spent in this place.
 B = Non-inter-level travel time spent in this place.
 C = Inter-level travel time spent in this place.
 D = Time resting spent in this place.
 E = Time spent auto-exploring this place.
 F = Levels seen in this place.
 G = Mean time per level.
                   A        B        C        D        E       F      G
               +--------+--------+--------+--------+--------+-----+--------+
         Total |   1574 |   1521 |     53 |      0 |   1301 |   3 |  524.7 |
       Dungeon |   1574 |   1521 |     53 |      0 |   1301 |   3 |  524.7 |
               +--------+--------+--------+--------+--------+-----+--------+

Top non-repeatable levels by time:
     D:1: 912 daAuts
     D:2: 645 daAuts
     D:3: 17 daAuts
